 Dungeon Crawl Stone Soup version 0.20-b1-24-gb21faa7 (webtiles) character file.

93 cereshysteria the Shield-Bearer (level 4, 0/42 HPs)
             Began as a Naga Fighter on May 26, 2017.
             Succumbed to an adder's poison
             ... on level 2 of the Dungeon.
             The game lasted 00:04:58 (3074 turns).

cereshysteria the Shield-Bearer (Naga Fighter)      Turns: 3074, Time: 00:05:00

Health: 0/42       AC:  4    Str: 18    XL:     4   Next: 62%
Magic:  4/4        EV:  7    Int:  9    God:
Gold:   40         SH:  4    Dex: 11    Spells: 3/3 levels left

rFire    . . .     SeeInvis +     - Unarmed
rCold    . . .     Gourm    .   d - +0 buckler {reflect}
rNeg     . . .     Faith    .   a - +0 scale mail
rPois    +         Spirit   .   (no helmet)
rElec    .         Reflect  +   (no cloak)
rCorr    .         Harm     .   (no gloves)
MR       .....                  (no barding)
Stlth    ..........             (no amulet)
Regen    0.2/turn               (no ring)
MPRegen  0.1/turn               (no ring)

@: lethally poisoned (0 -> -2), about to teleport, drained, very slow
A: see invisible, deformed body, poison resistance, slowness 2, slow metabolism
1, spit poison 1, AC +1
a: Spit Poison


You were on level 2 of the Dungeon.
You were not hungry.

You visited 1 branch of the dungeon, and saw 2 of its levels.

You collected 40 gold pieces.

Inventory:

Armour
 a - a +0 scale mail (worn)
 b - a +0 shield
 d - a +0 buckler of reflection (worn)
Scrolls
 g - a scroll of remove curse
Potions
 c - a potion of might
 i - a potion of heal wounds {unknown}
Comestibles
 f - 2 meat rations


   Skills:
 - Level 3.0(2.2) Fighting
 - Level 2.4(1.7) Armour
 + Level 3.5(2.7) Shields
 + Level 3.5(2.7) Unarmed Combat


You had 3 spell levels left.
You didn't know any spells.

Dungeon Overview and Level Annotations

Branches:
Dungeon (2/15)

Altars:


Innate Abilities, Weirdness & Mutations

You cannot wear boots.
Your serpentine skin is tough. (AC +1)
You have supernaturally acute eyesight. (SInv)
Armour fits poorly on your strangely shaped body.
Your system is resistant to poisons. (rPois)
You cover ground very slowly.
You have a slow metabolism.
You can spit poison.


Message History

You block the kobold's attack.
Unknown command.
Unknown command.
Your scale mail prevents you from hitting the adder.
The adder is heavily wounded.
The adder barely misses you.
The kobold hits you but does no damage. x2
You barely miss the adder.
The adder is heavily wounded.
The adder bites you but does no damage. You block the kobold's attack.
It was a potion of magic.
Magic courses through your body. The adder bites you.
* * * LOW HITPOINT WARNING * * *
The kobold hits you.
* * * LOW HITPOINT WARNING * * *
You block the kobold's attack. The adder bites you.
* * * LOW HITPOINT WARNING * * *
Okay, then.
Unknown command.
As you read the scroll labeled YBAQ HOTWAU, it crumbles to dust.
You feel strangely unstable.
It was a scroll of teleportation.
You die...

## .
############# #.
#.#.#@Sg#.#.#
###
.####.#KK#Kg#.#
...
.....#.#.l###Sg#
#.. ...#.##รท.##
##..#
#.####..#.#..##
##..#
#.#..#..#...##
..#
##.#..#..#.#..#
..#
##.......#.##..#
.## ##.#.##.##.#
#..# #.


You could see 2 adders, a leopard gecko, 2 hobgoblins, a goblin and 3 kobolds.

Vanquished Creatures
  4 adders (D:2)
  An ooze (D:1)
  2 leopard geckos (D:1)
  A ball python (D:1)
  9 bats
  2 giant cockroaches (D:1)
  4 goblins
  7 hobgoblins
  3 jackals (D:1)
  6 kobolds
  A quokka (D:2)
  2 frilled lizards (D:1)
  5 rats
47 creatures vanquished.

Notes
Turn   | Place    | Note
-------+----------+-------------------------------------------
     0 | D:1      | cereshysteria the Naga Fighter began the quest for the Orb.
     0 | D:1      | Reached XP level 1. HP: 21/21 MP: 1/1
    88 | D:1      | Reached XP level 2. HP: 12/28 MP: 2/2
   561 | D:1      | Reached XP level 3. HP: 25/34 MP: 3/3
  2170 | D:2      | Reached XP level 4. HP: 41/42 MP: 4/4
  3073 | D:2      | HP: 2/42 [kobold (1)]
  3074 | D:2      | Succumbed to an adder's poison

Skill      XL: |  1  2  3 |
---------------+----------+-----
Shields        | 3 |  3.5
Unarmed Combat | 3 |  3.5
Fighting       | |  3.0
Armour         | |  2.4

Action                   |  1- 3 |  4- 6 || total
-------------------------+-------+-------++-------
Melee: Unarmed           |   184 |    96 ||   280
  Use: Scroll            |     2 |     1 ||     3
       Potion            |       |     1 ||     1
  Eat: Bread ration      |     1 |       ||     1
Armor: Scale mail        |   126 |    49 ||   175
Dodge: Dodged            |    60 |    35 ||    95
Block: Shield            |   118 |       ||   118
       Buckler           |     2 |    23 ||    25
